 Dungeon Crawl Stone Soup version 0.29-a0-872-g797fff5ad1 (webtiles) character file.

Game seed: 8623586331674207750

222 lembark the Grave Robber (level 5, -2/37 HPs)
             Began as a Demonspawn Necromancer on July 17, 2022.
             Slain by Terence
             ... wielding a +0 trident
              (13 damage)
             ... on level 3 of the Dungeon on July 18, 2022.
             The game lasted 00:07:50 (3497 turns).

lembark the Grave Robber (Demonspawn Necromancer)   Turns: 3497, Time: 00:07:50

Health: -2/37      AC:  3    Str:  8    XL:     5   Next: 66%
Magic:  18/19      EV: 12    Int: 18    God:
Gold:   180        SH:  0    Dex: 14    Spells: 7/11 levels left

rFire   . . .      SeeInvis .   a - +0 short sword
rCold   . . .      Faith    +   (no shield)
rNeg    . . .      Spirit   .   e - +0 robe
rPois   .          Reflect  .   (no helmet)
rElec   .          Harm     .   l - +0 cloak
rCorr   .          Rampage  .   (no gloves)
Will    .....                   (no boots)
Stlth   ++........              f - amulet of faith
HPRegen 0.12/turn               i - ring of magical power
MPRegen 0.16/turn               (no ring)

@: no status effects
A: claws 2, hooves 1, foul stench 1
a: no special abilities


You were on level 3 of the Dungeon.
You visited 1 branch of the dungeon, and saw 3 of its levels.

You collected 180 gold pieces.

Inventory:

Hand Weapons
 a - a +0 short sword (weapon)
Armour
 e - a +0 robe (worn)
 l - a +0 cloak (worn)
Jewellery
 f - an amulet of faith (around neck)
 h - a ring of flight
 i - a ring of magical power (left claw)
Potions
 b - a potion of brilliance {unknown}
 c - 2 potions of haste {unknown}
 d - a potion of lignification {unknown}
 g - a potion of attraction {unknown}
 j - a potion of resistance {unknown}
 k - a potion of mutation {unknown}
 m - a potion of flight {unknown}


   Skills:
 * Level 1.5 Fighting
 - Level 1.7 Dodging
 * Level 2.4 Stealth
 * Level 3.8 Spellcasting
 * Level 5.8 Necromancy


You had 7 spell levels left.
You knew the following spells:

 Your Spells              Type           Power      Damage    Failure   Level
a - Necrotise             Necr           96%        1d8       1%          1
b - Vampiric Draining     Necr           24%        2d7       4%          3

Your spell library contained the following spells:

 Spells                   Type           Power      Damage    Failure   Level
 Animate Dead             Necr           24%        N/A       14%         4
 Agony                    Necr           24%        N/A       36%         5
 Petrify                  Tmut/Erth      3%         N/A       83%         4
 Metabolic Englaciation   Hex/Ice        1%         N/A       99%         5
 Statue Form              Tmut/Erth      2%         N/A       100%        6


Dungeon Overview and Level Annotations

Branches:
Dungeon (3/15)

Altars:

Annotations:
D:3 Terence


Innate Abilities, Weirdness & Mutations

You have very sharp fingernails.
You have large cloven feet.
You may rarely emit foul miasma when damaged in melee.


Message History

Aiming: Necrotise (safe; 1% risk of failure)
Press: ? - help, Shift-Dir - straight line, f - adder
Aim: an adder (asleep, chance to affect: 88%)
The adder hisses angrily.
The adder writhes in agony!
Casting: Necrotise (safe; 1% risk of failure)
Confirm with . or Enter, or press ? or * to list all spells.
Aiming: Necrotise (safe; 1% risk of failure)
Press: ? - help, Shift-Dir - straight line, f/p - adder
Aim: an adder (severely wounded, chance to affect: 88%)
The adder writhes in agony.
You kill the adder!
The dead are slithering!
You swap places.
You see here 8 stones.
Terence the Incautious comes into view.
He is wielding a +0 trident.
Casting: Necrotise (safe; 1% risk of failure)
Confirm with . or Enter, or press ? or * to list all spells.
You can't see any susceptible monsters within range! (Use Z to cast anyway.) Unknown command.
Your adder skeleton bites Terence but does no damage.
Terence drinks a potion.
Terence goes berserk!
Terence hits your adder skeleton with a +0 trident.
Your adder skeleton closely misses Terence.
Terence hits your adder skeleton with a +0 trident!
Your adder skeleton bites Terence but does no damage.
Terence rages.
Terence hits your adder skeleton with a +0 trident!
Your adder skeleton is destroyed!
A dart slug comes into view.
Casting: Necrotise (safe; 1% risk of failure)
Confirm with . or Enter, or press ? or * to list all spells.
Aiming: Necrotise (safe; 1% risk of failure)
Press: ? - help, Shift-Dir - straight line, f - Terence
Aim: Terence, wielding a +0 trident and wearing a +0 chain mail (berserk, chance to affect: 88%) Terence barely resists.
Terence hits you from afar with a +0 trident! x2
* * * LOW HITPOINT WARNING * * *
Terence hits you with a +0 trident!
You die...

#.#####.# #.# #.
#.......# #.# #.
###..######.#
#........#.
####(####.# #.#
##.##
########.#Z###.#
..w...@@###....#
########.#.###.#
##.## #.# ...
#####


You could see Terence (berserk) and a dart slug.

Vanquished Creatures
  Jessica (D:2)
  Natasha (thrice) (D:2)
  4 gnolls (D:2)
  4 adders
  2 dart slugs
  3 endoplasms
  2 giant cockroaches
  3 goblins
  8 hobgoblins
  2 jackals (D:2)
  2 kobolds
  2 quokkas
  5 bats
  2 frilled lizards (D:1)
  5 rats (D:1)
48 creatures vanquished.

Vanquished Creatures (collateral kills)
  A bat (D:2)
1 creature vanquished.

Grand Total: 49 creatures vanquished

Notes
Turn   | Place    | Note
-------+----------+-------------------------------------------
     0 | D:1      | lembark the Demonspawn Necromancer began the quest for the
                  | Orb.
     0 | D:1      | Reached XP level 1. HP: 13/13 MP: 3/3
   408 | D:1      | Gained mutation: You may rarely emit foul miasma when
                  | damaged in melee. [demonic ancestry]
   408 | D:1      | Reached XP level 2. HP: 19/19 MP: 3/5
   593 | D:1      | Upgraded the game from 0.29-a0-870-g2c972031a6 to
                  | 0.29-a0-872-g797fff5ad1
  1543 | D:2      | Discovered your monstrous ancestry.
  1543 | D:2      | Gained mutation: You have sharp fingernails. [demonic
                  | ancestry]
  1543 | D:2      | Reached XP level 3. HP: 25/25 MP: 6/6
  1724 | D:2      | Reached skill level 5 in Necromancy
  1771 | D:2      | Learned a level 3 spell: Vampiric Draining
  1804 | D:2      | Reached skill level 1 in Fighting
  2127 | D:2      | Gained mutation: You have very sharp fingernails. [demonic
                  | ancestry]
  2127 | D:2      | Reached XP level 4. HP: 19/32 MP: 8/8
  2453 | D:2      | Noticed Natasha
  2460 | D:2      | Killed Natasha
  2819 | D:2      | Noticed Natasha
  2824 | D:2      | Killed Natasha
  2825 | D:2      | Gained mutation: You have large cloven feet. [demonic
                  | ancestry]
  2825 | D:2      | Reached XP level 5. HP: 37/37 MP: 10/10
  2897 | D:2      | Noticed Natasha
  2903 | D:2      | Killed Natasha
  2998 | D:2      | Noticed Jessica
  3002 | D:2      | Killed Jessica
  3488 | D:3      | Noticed Terence
  3497 | D:3      | Slain by Terence

Illustrated notes

Levels and vault maps discovered:
D:1:      shiori_arrival_maze, layout_rooms
D:2:      layout_loops_ring, uniq_natasha, uniq_jessica
D:3:      layout_loops_ring, minmay_misc_feat_room, uniq_terence

Skill      XL: |  1  2  3 |
---------------+----------+-----
Stealth        | 2 |  2.4
Necromancy     | 5 |  5.8
Fighting       | 1 |  1.5
Spellcasting   | 3 |  3.8
Dodging        | |  1.7

Action                   |  1- 3 |  4- 6 || total
-------------------------+-------+-------++-------
Melee: Unarmed           |     1 |       ||     1
       Dagger            |     6 |       ||     6
       Short sword       |     2 |     5 ||     7
 Cast: Necrotise         |    56 |    36 ||    92
       Vampiric Draining |     1 |     4 ||     5
  Use: Scroll            |     2 |     1 ||     3
       Potion            |       |     1 ||     1
Armor: Robe              |     5 |     4 ||     9
Dodge: Dodged            |    17 |    10 ||    27

Table legend: (Time is in decaauts)
 A = Elapsed time spent in this place.
 B = Non-inter-level travel time spent in this place.
 C = Inter-level travel time spent in this place.
 D = Time resting spent in this place.
 E = Time spent auto-exploring this place.
 F = Levels seen in this place.
 G = Mean time per level.
                   A        B        C        D        E       F      G
               +--------+--------+--------+--------+--------+-----+--------+
         Total |   3495 |   3386 |    109 |   1754 |   1276 |   3 | 1165.0 |
       Dungeon |   3495 |   3386 |    109 |   1754 |   1276 |   3 | 1165.0 |
               +--------+--------+--------+--------+--------+-----+--------+

Top non-repeatable levels by time:
     D:2: 1955 daAuts
     D:1: 1422 daAuts
     D:3: 117 daAuts
